 Dungeon Crawl Stone Soup version 0.28.0-53-g5a82cb258f (webtiles) character file.

Game seed: 5264495910653406957

3714 issech the Cleaver (level 9, -1/70 HPs)
             Began as a Minotaur Monk on June 10, 2022.
             Was a Priest of Hepliaklqana.
             Slain by a fire elemental (3 damage)
             ... summoned by a deep elf pyromancer
             ... on level 7 of the Dungeon.
             The game lasted 00:19:13 (8099 turns).

issech the Cleaver (Minotaur Monk)                  Turns: 8099, Time: 00:19:13

Health: -1/70      AC: 15    Str: 15    XL:     9   Next: 91%
Magic:  0/8        EV: 12    Int:  7    God:    Hepliaklqana [***...]
Gold:   384        SH:  0    Dex: 18    Spells: 8/8 levels left

rFire   . . .      SeeInvis .   j - +0 war axe
rCold   . . .      Faith    .   (no shield)
rNeg    . . .      Spirit   +   h - +0 scale mail
rPois   .          Reflect  .   (helmet restricted)
rElec   .          Harm     .   y - +0 cloak
rCorr   +          Rampage  .   s - +0 pair of gloves
Will    .....                   (no boots)
Stlth   ..........              k - amulet of guardian spirit
HPRegen 0.21/turn               K - ring of resist corrosion
MPRegen 0.11/turn               I - +4 ring of protection

@: silenced, hasted, very quick
A: reduced essence, horns 2, retaliatory headbutt
a: Renounce Religion


You were on level 7 of the Dungeon.
You worshipped Hepliaklqana.
Hepliaklqana was most pleased with you.
You visited 2 branches of the dungeon, and saw 9 of its levels.

You collected 384 gold pieces.

Inventory:

Hand Weapons
 a - a +0 hand axe
 j - a +0 war axe (weapon)
 l - a +0 halberd
 m - a +0 flail
 n - a +0 whip
 o - a +0 dagger
 q - a +0 rapier
 G - a +0 hunting sling
 N - a +0 halberd
Missiles
 e - 193 stones
 f - 76 arrows
 v - 41 bolts
 w - 77 sling bullets
 H - 4 curare-tipped darts
 L - 3 javelins
 O - 5 boomerangs (quivered)
Armour
 b - a +0 robe
 h - a +0 scale mail (worn)
 s - a +0 pair of gloves (worn)
 y - a +0 cloak (worn)
Magical Staves
 r - a staff of death
Jewellery
 k - an amulet of guardian spirit (around neck)
 C - a +6 ring of intelligence
 I - a +4 ring of protection (right hand)
 K - a ring of resist corrosion (left hand)
 P - a ring of magical power
Wands
 F - a wand of iceblast (4)
Scrolls
 d - a scroll of blinking
 p - 3 scrolls of enchant armour
 t - 6 scrolls of teleportation
 A - 2 scrolls of magic mapping
 J - a scroll of immolation
 Q - a scroll of vulnerability
 R - a scroll of fog {unknown}
Potions
 c - a potion of mutation {unknown}
 g - 2 potions of might {unknown}
 i - 3 potions of haste
 x - 3 potions of heal wounds {unknown}
 z - 2 potions of brilliance {unknown}
 B - 2 potions of lignification {unknown}
 D - 3 potions of curing {unknown}
 E - a potion of degeneration {unknown}
 M - a potion of berserk rage {unknown}


   Skills:
 + Level 6.8 Fighting
 + Level 10.6 Axes
 + Level 4.0 Slings
 + Level 0.1(2.2) Throwing
 + Level 9.8 Armour
 + Level 5.4 Dodging
 + Level 3.2 Stealth


You had 8 spell levels left.
You didn't know any spells.
Your spell library contained the following spells:

 Spells                   Type           Power      Damage    Failure   Level
 Freeze                   Ice            0%         1d3       80%         1
 Slow                     Hex            0%         N/A       80%         1
 Blink                    Tloc           0%         N/A       91%         2
 Confusing Touch          Hex            0%         N/A       99%         3
 Frozen Ramparts          Ice            0%         1d2       99%         3
 Lesser Beckoning         Tloc           0%         N/A       99%         3
 Vampiric Draining        Necr           0%         2d6       99%         3
 Hailstorm                Conj/Ice       0%         3d3       100%        4
 Manifold Assault         Tloc           0%         N/A       100%        5


Dungeon Overview and Level Annotations

Branches:
Dungeon (8/15)             Temple (1/1) D:4
   Lair: D:8-11

Altars:
Ashenzari
Dithmenos
Elyvilon
Fedhas
Gozag
Hepliaklqana
Kikubaaqudgha
Makhleb
Nemelex Xobeh
Okawaru
Qazlal
Ru
Sif Muna
Trog
Uskayaw
Vehumet
Wu Jian
Xom
Zin
The Shining One


Innate Abilities, Weirdness & Mutations

Your life essence is reduced to manifest your ancestor. (-10% HP)
You have a pair of horns on your head.
You reflexively headbutt those who attack you in melee.


Message History

You are covered in liquid flames!
The shadow imp gestures at you. Pain shoots through your body!
You are covered in liquid flames!
* * * LOW HITPOINT WARNING * * *
Ku-aya points at the deep elf pyromancer and mumbles some strange words.
The puff of frost hits the deep elf pyromancer!
You hit the deep elf pyromancer.
The deep elf pyromancer is severely wounded.
You are covered in liquid flames!
* * * LOW HITPOINT WARNING * * *
The deep elf pyromancer barely misses you.
The shadow imp gestures at you. Pain shoots through your body!
* * * LOW HITPOINT WARNING * * *
The fire elemental misses you. You furiously retaliate!
You headbutt the fire elemental.
Blink to where?
Press: ? - help, Dir - move target
As you read the scroll of blinking, it crumbles to dust.
It was a potion of haste.
You feel yourself speed up.
The deep elf pyromancer mumbles some strange words.
As you read the scroll of silence, it crumbles to dust.
A profound silence engulfs you.
The fire elemental disappears in a puff of smoke!
Ku-aya barely misses the deep elf pyromancer.
The fire elemental hits Ku-aya.
The fire elemental burns Ku-aya!
Ku-aya resists.
Unknown command.
The fire elemental hits Ku-aya.
The fire elemental burns Ku-aya!
Ku-aya resists.
You hit the deep elf pyromancer but do no damage.
The deep elf pyromancer is severely wounded.
The fire elemental closely misses Ku-aya.
You barely miss the deep elf pyromancer.
The deep elf pyromancer is severely wounded.
You barely miss the fire elemental.
The deep elf pyromancer hits you but does no damage.
The fire elemental hits you. The fire elemental burns you!
You die...

########## #........####
.##........#### #.##..☼E@.......
####.##.○##e##..### ##
#........○.R##..# .#
###.#.##..#○.##..##### .#
#...........EE.<.....##.##.##
#R#).........○○R§...5..$.....
#####.#..#.#......○°E......).....
#................##.########.####
#.###.........#.###.# ..♣


You could see the friendly Ku-aya the battlemage, a deep elf pyromancer (ally
target) and 3 fire elementals.

Vanquished Creatures
  An ugly thing (D:7)
  2 fire bats (D:8)
  2 water moccasins (D:5)
  A black bear (D:7)
  An orc warrior (D:7)
  An ice beast (D:3)
  A necrophage (D:7)
  3 ogres
  A scorpion (D:4)
  A water moccasin skeleton (D:7)
  A howler monkey (D:6)
  2 centaur zombies
  A jelly (D:6)
  A gnoll shaman (D:6)
  2 centaur skeletons
  A bullfrog skeleton (D:5)
  An iguana (D:6)
  A howler monkey zombie (D:5)
  7 gnolls
  7 adders
  A white imp (D:6)
  2 ufetubi
  5 orcs
  5 endoplasms
  6 giant cockroaches
  6 goblins
  5 hobgoblins
  A jackal (D:5)
  4 quokkas
  8 ball pythons
  5 bats
  8 frilled lizards
  6 kobolds
  3 rats
103 creatures vanquished.

Vanquished Creatures (collateral kills)
  2 fire bats (D:8)
  A steam dragon (D:7)
  A hell hound (D:8)
  A sky beast (D:5)
  An ice beast (D:7)
  An ogre (D:5)
  A centaur (D:5)
  2 phantoms
  2 bullfrogs (D:7)
  A scorpion (D:5)
  A water moccasin skeleton (D:5)
  A centaur zombie (D:7)
  A jelly (D:7)
  A gnoll shaman (D:7)
  3 hounds
  An orc priest (D:8)
  3 iguanas
  An orc wizard (D:7)
  A hound skeleton (D:4)
  2 gnolls
  2 adders
  A shadow imp (D:7)
  An orc (D:8)
  A goblin (D:6)
  A jackal (D:5)
  2 quokkas (D:5)
36 creatures vanquished.

Vanquished Creatures (others)
  A battlemage (D:7)
  2 plants (D:7)
3 creatures vanquished.

Grand Total: 142 creatures vanquished

Notes
Turn   | Place    | Note
-------+----------+-------------------------------------------
     0 | D:1      | issech the Minotaur Monk began the quest for the Orb.
     0 | D:1      | Reached XP level 1. HP: 19/19 MP: 0/0
   385 | D:1      | Reached skill level 4 in Axes
   385 | D:1      | Reached XP level 2. HP: 27/27 MP: 1/1
   991 | D:1      | Reached XP level 3. HP: 19/33 MP: 2/2
  1271 | D:2      | Found a faded altar of an unknown god.
  1310 | D:2      | Reached XP level 4. HP: 37/40 MP: 3/3
  1425 | D:2      | Reached skill level 1 in Armour
  1716 | D:3      | Reached skill level 5 in Axes
  1829 | D:3      | Noticed an ice beast
  1837 | D:3      | Killed an ice beast
  1838 | D:3      | Reached skill level 6 in Axes
  1838 | D:3      | Reached XP level 5. HP: 42/47 MP: 4/4
  1882 | D:3      | Noticed an ogre
  1894 | D:3      | Killed an ogre
  1895 | D:3      | Reached XP level 6. HP: 14/53 MP: 1/5
  2658 | D:4      | Found a hide-covered altar of Uskayaw.
  2830 | D:4      | Found a blossoming altar of Fedhas.
  2831 | D:4      | Found an ancient bone altar of Kikubaaqudgha.
  3014 | D:4      | Found a staircase to the Ecumenical Temple.
  3021 | Temple   | Entered the Ecumenical Temple
  3097 | Temple   | Became a worshipper of Hepliaklqana the Forgotten
  3097 | Temple   | Reached * piety under Hepliaklqana
  3097 | Temple   | Reached ** piety under Hepliaklqana
  3098 | Temple   | Remembered your ancestor Ku-aya as a battlemage
  3279 | D:4      | Reached skill level 7 in Axes
  3467 | D:4      | Reached XP level 7. HP: 51/54 MP: 4/6
  3617 | D:4      | Found a glowing golden altar of the Shining One.
  3778 | D:5      | Entered Level 5 of the Dungeon
  3858 | D:5      | Reached skill level 5 in Fighting
  3935 | D:5      | Reached skill level 5 in Armour
  4536 | D:5      | Reached skill level 8 in Axes
  4540 | D:5      | Reached XP level 8. HP: 42/62 MP: 5/7
  5239 | D:5      | Reached skill level 1 in Slings
  5304 | D:5      | Reached *** piety under Hepliaklqana
  6026 | D:6      | Reached skill level 9 in Axes
  6190 | D:6      | Found a shimmering altar of Xom.
  7035 | D:7      | Reached XP level 9. HP: 58/67 MP: 6/8
  7190 | D:7      | Noticed a purple ugly thing
  7190 | D:7      | Noticed a deep elf pyromancer
  7191 | D:7      | Noticed a four-headed hydra
  7191 | D:7      | Noticed a centaur warrior
  7640 | D:8      | Reached skill level 5 in Dodging
  7709 | D:8      | Reached skill level 10 in Axes
  8075 | D:7      | Noticed a red ugly thing
  8082 | D:7      | Killed a red ugly thing
  8090 | D:7      | HP: 1/70 [shadow imp/nerve-wracking pain (9)]
  8099 | D:7      | Slain by a fire elemental

Illustrated notes

Levels and vault maps discovered:
D:1:      scummos_arrival_gate, layout_loops_ring, nicolae_figureground_pulse
D:2:      layout_rooms, ebering_ecumenical_altar_abandoned
D:3:      layout_loops_ring, lemuel_old_faithful
D:4:      layout_basic, grunt_temple_overflow_growth_and_decay,
          mainiacjoe_overflow_catch_the_wave, minmay_temple_entry_arrows,
          kennysheep_cross_bottleneck, grunt_ministairs_15,
          kennysheep_small_spiral
D:5:      layout_layer_cave, minmay_fractal_squares_5
D:6:      layout_loops_ring, tgw_xom
D:7:      nzn_winding_woodlands_cross [nzn_winding_woodlands_5x15_eye,
          nzn_winding_woodlands_5x15_pool,
          nzn_winding_woodlands_5x15_pathside_ponds,
          nzn_winding_woodlands_5x15_garden,
          nzn_winding_woodlands_15x15_killbox], layout_basic,
          mainiacjoe_overflow_tiny_flanked
D:8:      layout_gridville, glass_columns_a, hangedman_incinerator
Temple:   regret_index_temple_waves

Skill      XL: |  1  2  3  4  5  6  7  8  9 |
---------------+----------------------------+-----
Axes           | 4 6 7 8 9 10 | 10.6
Fighting       | 4 5 6 |  6.8
Armour         | 1 2 4 5 7 9 |  9.8
Dodging        | 4 5 |  5.4
Stealth        | 2 3 |  3.2
Slings         | 3 4 |  4.0
Throwing       | |  0.1

Action                   |  1- 3 |  4- 6 |  7- 9 || total
-------------------------+-------+-------+-------++-------
Melee: Hand axe          |    49 |       |       ||    49
       Headbutt          |    11 |    10 |    26 ||    47
       War axe           |    14 |    84 |   121 ||   219
       Punch             |       |     1 |     4 ||     5
 Fire: Hunting sling     |       |       |    27 ||    27
Throw: Stone             |       |     1 |     3 ||     4
       Boomerang         |       |       |     1 ||     1
Invok: Ancestor Life: Ba |       |     1 |       ||     1
       Recall Ancestor   |       |       |     1 ||     1
  Use: Scroll            |       |       |     9 ||     9
       Potion            |       |       |     1 ||     1
 Stab: Distracted        |       |       |     2 ||     2
Armor: Robe              |     4 |       |       ||     4
       Scale mail        |    14 |    41 |    89 ||   144
Dodge: Dodged            |    40 |    56 |    80 ||   176
